Map: Pylon LE

Players

jeannysu - Winner!

  • Race: Zerg Zerg
  • Spawn Location: 11:00

인공지능 칸 (정예)

  • Race: Protoss Protoss
  • Spawn Location: 5:00

VOD

Have the link to the VOD?

Description

Time

  • Played on: Sept. 26, 2025, 10:14 a.m.
  • Length: 16:12
Show
View Real Time Build Order
Export as new Build Order

jeannysu Zerg - Winner!

Build Orders: Hatch First, Lurkers 

Get SALT Encoding   

  12  0:00  Drone  
  13  0:12  Overlord  
  13  0:16  Drone  
  14  0:30  Drone x2  
  16  0:48  Hatchery  
  15  0:50  Drone  
  15  0:54  Drone  
  17  0:57  Drone  
  18  1:08  Extractor  
  17  1:13  Spawning Pool  
  17  1:16  Drone  
  17  1:19  Drone  
  18  1:28  Drone  
  19  1:38  Drone  
  20  1:49  Overlord  
  20  1:59  Queen  
  20  2:00  Queen  
  24  2:01  Zergling x2  
  24  2:02  Zergling x2  
  26  2:10  Drone  
  26  2:13  Drone  
  28  2:24  Drone  
  28  2:25  Drone  
  30  2:30  Metabolic Boost  
  30  2:34  Drone  
  30  2:36  Queen  
  33  2:50  Hatchery  
  32  3:00  Drone x4  
  36  3:05  Overlord  
  35  3:26  Drone x7  
  42  3:35  Baneling Nest  
  42  3:39  Zergling x2  
  42  3:40  Zergling x4  
  44  3:55  Overlord  
  44  3:56  Overlord  
  44  4:04  Evolution Chamber  
  44  4:08  Zergling x14  
  50  4:15  Hatchery  
  49  4:25  Drone x2  
  49  4:26  Drone x7  
  49  4:29  Queen  
  60  4:33  Baneling  
  60  4:34  Baneling x4  
  60  4:38  Drone x2  
  61  4:39  Drone  
  61  4:41  Drone  
  64  4:49  Zerg Melee Weapons Level 1  
  64  4:52  Drone, Extractor  
  64  4:53  Drone x3, Extractor  
  66  5:03  Lair  
  66  5:27  Overlord x3  
  66  5:34  Drone, Extractor  
  66  5:35  Drone x2  
  68  5:37  Drone x2  
  70  5:43  Overlord x2  
  70  5:44  Overlord, Queen  
  72  5:58  Queen  
  72  5:59  Drone  
  72  6:00  Drone x3  
  72  6:02  Overlord  
  78  6:05  Centrifugal Hooks  
  78  6:06  Drone x4  
  78  6:07  Drone  
  83  6:14  Evolution Chamber  
  83  6:18  Drone x3  
  85  6:20  Drone x7  
  85  6:21  Drone x7  
  99  6:29  Zergling x2  
  99  6:30  Zergling x4  
  102  6:35  Infestation Pit  
  101  6:40  Hydralisk Den  
  101  6:44  Extractor  
  101  6:45  Extractor  
  98  7:14  Drone  
  98  7:15  Drone x5  
  104  7:18  Overlord  
  104  7:21  Queen  
  106  7:23  Hydralisk, Extractor  
  106  7:24  Hydralisk x7, Extractor  
  120  7:43  Hive  
  119  7:44  Hydralisk  
  119  7:45  Hydralisk x3  
  119  7:50  Overlord x3  
  119  7:51  Overlord x2  
  127  7:53  Muscular Augments  
  127  7:54  Zerg Melee Weapons Level 2  
  127  7:55  Zerg Ground Armor Level 1  
  127  8:17  Hatchery  
  126  8:31  Hydralisk  
  126  8:32  Hydralisk x17  
  162  8:57  Grooved Spines  
  162  9:01  Zergling x2  
  162  9:02  Zergling x8  
  167  9:05  Overlord x2  
  167  9:09  Adrenal Glands  
  167  9:17  Lurker Den  
  167  9:20  Overlord  
  167  9:21  Overlord x4  
  167  9:23  Drone  
  167  9:24  Drone x12  
  179  9:31  Overlord  
  179  9:35  Baneling x10  
  179  9:36  Zergling x14  
  186  9:39  Overseer  
  186  9:41  Overseer x2  
  186  9:42  Pneumatized Carapace  
  186  9:46  Drone x4  
  186  9:48  Drone  
  186  9:49  Drone x4  
  195  9:53  Extractor  
  195  9:55  Extractor  
  175  10:07  Hydralisk  
  175  10:08  Hydralisk x5  
  175  10:09  Zergling x2  
  175  10:10  Zergling x12  
  163  10:23  Lurker  
  163  10:24  Lurker x5  
  163  10:26  Zergling x16  
  163  10:27  Zergling x4  
  177  10:29  Zerg Melee Weapons Level 3, Zerg Ground Armor Level 2  
  177  10:33  Seismic Spines  
  177  10:39  Viper x2  
  183  11:09  Zergling x2  
  183  11:10  Zergling x26  
  192  11:19  Hatchery  
  176  11:30  Adaptive Talons  
  174  11:37  Zergling x2  
  174  11:38  Zergling x38  
  178  12:03  Drone x2  
  178  12:04  Drone x2, Hydralisk x7  
  170  12:32  Hydralisk  
  170  12:33  Hydralisk x16  
  193  12:48  Drone  
  193  12:49  Drone x9  
  198  13:08  Zergling x2  
  198  13:09  Zergling x6  
  200  13:37  Overseer x3  
  195  13:58  Hydralisk  
  195  13:59  Hydralisk  
  195  14:29  Zergling x2  
  195  14:30  Zergling x12  
  193  14:54  Zergling x2  
  193  14:55  Zergling x10  
  192  15:15  Zergling x2  
  192  15:16  Zergling x12  
  197  15:31  Hydralisk  
  196  15:46  Zergling x2  
  196  15:47  Zergling x4  
  199  15:59  Unknown  
Show
View Real Time Build Order
Export as new Build Order

인공지능 칸 (정예) Protoss 

Build Orders: 1 Gate Expand, Zealot Archon, Colossus Rush 

Get SALT Encoding   

  12  0:00  Probe  
  13  0:13  Probe  
  14  0:20  Pylon  
  14  0:25  Probe  
  15  0:34  Probe  
  15  0:42  Probe  
  17  0:51  Gateway  
  17  0:52  Probe  
  18  1:00  Probe  
  19  1:15  Probe  
  19  1:17  Nexus  
  20  1:27  Probe  
  21  1:35  Pylon  
  21  1:38  Zealot  
  23  1:45  Cybernetics Core  
  23  1:47  Assimilator  
  23  1:53  Probe  
  24  2:02  Probe  
  25  2:10  Probe  
  26  2:19  Probe  
  26  2:20  Warp Gate  
  27  2:23  Pylon  
  27  2:27  Probe  
  27  2:29  Probe  
  28  2:31  Gateway  
  28  2:36  Probe  
  29  2:38  Assimilator  
  29  2:42  Probe  
  30  2:45  Stalker  
  30  2:50  Probe  
  33  2:56  Pylon  
  33  2:57  Probe  
  34  3:04  Probe  
  35  3:07  Adept  
  35  3:09  Probe  
  36  3:18  Adept  
  40  3:20  Probe  
  40  3:22  Probe  
  42  3:28  Robotics Facility  
  42  3:32  Probe  
  43  3:34  Probe  
  43  3:37  Adept  
  46  3:44  Probe  
  46  3:47  Probe  
  46  3:48  Adept  
  50  3:56  Probe  
  50  3:59  Probe  
  52  4:07  Pylon  
  52  4:08  Probe x2  
  53  4:15  Gateway, Adept  
  53  4:16  Robotics Bay  
  56  4:21  Probe  
  56  4:23  Pylon  
  57  4:25  Observer, Adept  
  60  4:32  Probe  
  60  4:34  Probe  
  60  4:36  Pylon  
  62  4:46  Robotics Facility  
  62  4:54  Stalker  
  62  4:59  Pylon, Zealot  
  66  5:06  Gateway  
  66  5:09  Stalker  
  68  5:15  Pylon  
  68  5:17  Zealot  
  68  5:20  Zealot  
  72  5:31  Zealot  
  74  5:36  Colossus  
  80  5:47  Pylon  
  80  6:01  Twilight Council  
  80  6:02  Nexus  
  80  6:05  Assimilator  
  80  6:08  Forge  
  80  6:09  Assimilator  
  80  6:13  Forge  
  80  6:19  Pylon  
  80  6:27  Probe  
  80  6:28  Probe  
  81  6:37  Probe  
  82  6:40  Probe  
  82  6:42  Templar Archives  
  82  6:44  Photon Cannon  
  82  6:45  Probe  
  83  6:47  Pylon  
  83  6:51  Zealot  
  83  6:52  Probe  
  87  6:54  Stalker, Warp Prism  
  91  7:04  Sentry  
  91  7:07  Photon Cannon  
  93  7:09  Stalker  
  93  7:12  Photon Cannon  
  93  7:14  Probe x3, Photon Cannon  
  98  7:18  High Templar  
  100  7:24  High Templar  
  100  7:26  Probe, Assimilator  
  100  7:27  Probe x2  
  100  7:28  Pylon, Stalker  
  100  7:29  Assimilator  
  107  7:33  Stalker  
  109  7:38  Probe  
  109  7:39  Probe x2  
  109  7:44  Archon  
  112  7:50  Probe, High Templar, Photon Cannon  
  112  7:51  Pylon, Probe  
  116  7:52  Probe, Stalker  
  119  8:02  Probe  
  119  8:03  Probe, High Templar  
  119  8:04  Probe  
  124  8:09  Sentry  
  124  8:11  Photon Cannon  
  124  8:12  Probe  
  126  8:13  Photon Cannon  
  126  8:14  Probe  
  126  8:17  Probe  
  126  8:18  Psionic Storm  
  129  8:20  Probe  
  129  8:24  Archon  
  129  8:26  Probe  
  131  8:31  High Templar  
  131  8:32  Warp Prism  
  133  8:40  High Templar  
  135  8:44  Photon Cannon  
  135  8:45  Protoss Ground Weapons Level 1  
  137  8:48  Gateway  
  137  8:49  Nexus  
  137  8:52  Protoss Ground Armor Level 1  
  137  8:55  Stalker  
  139  8:56  Archon  
  139  8:59  Colossus  
  139  9:00  Pylon  
  139  9:05  High Templar  
  139  9:08  Photon Cannon  
  141  9:14  High Templar  
  143  9:17  Stalker  
  143  9:20  Stalker  
  147  9:25  Immortal, Pylon  
  147  9:30  Blink, Archon  
  151  9:32  Stalker  
  151  9:36  Immortal  
  157  9:39  Gateway  
  157  9:42  Sentry  
  157  9:45  Photon Cannon  
  159  9:50  Pylon  
  159  9:59  Immortal  
  159  10:00  Zealot x4  
  159  10:05  Zealot  
  161  10:10  Assimilator  
  161  10:13  Zealot  
  125  10:15  Observer, Assimilator  
  125  10:20  High Templar, Zealot x2  
  116  10:25  Zealot  
  116  10:26  Pylon  
  108  10:30  Stalker  
  108  10:33  Zealot  
  108  10:35  Nexus  
  112  10:40  Zealot x2  
  116  10:45  Zealot  
  116  10:47  Sentry, Disruptor  
  124  10:52  Adept  
  124  10:53  Stalker  
  128  11:00  Stalker, High Templar  
  132  11:05  Disruptor  
  132  11:10  Zealot  
  132  11:11  Zealot  
  140  11:12  Zealot x2  
  140  11:16  Archon  
  144  11:23  Stalker, Disruptor  
  140  11:26  High Templar  
  140  11:30  Zealot  
  140  11:31  Zealot  
  138  11:33  Stalker, Zealot  
  122  11:42  Photon Cannon  
  122  11:45  Pylon  
  122  11:46  Immortal, High Templar  
  123  11:49  Stalker  
  123  11:50  Sentry, Zealot  
  123  11:53  Zealot  
  131  11:57  Assimilator  
  131  11:58  Sentry  
  131  11:59  Observer, Pylon  
  132  12:02  Robotics Facility  
  132  12:05  Zealot  
  132  12:06  Adept  
  136  12:08  Assimilator  
  136  12:10  Stalker  
  136  12:11  Photon Cannon  
  136  12:12  Photon Cannon  
  136  12:13  Stalker  
  134  12:16  Observer  
  134  12:18  Zealot x2  
  134  12:19  Zealot  
  134  12:21  Stalker  
  113  12:33  Adept  
  113  12:34  Zealot  
  113  12:36  High Templar, Zealot  
  93  12:39  Stalker  
  93  12:42  Probe  
  78  12:44  Zealot  
  78  12:45  Probe  
  78  12:47  Probe  
  80  12:51  Zealot  
  80  12:52  Probe  
  80  12:53  Zealot  
  80  12:54  Stalker  
  83  13:00  Adept  
  83  13:02  High Templar  
  83  13:05  Sentry  
  88  13:06  Zealot  
  79  13:13  Probe, Adept  
  79  13:15  Probe, High Templar  
  79  13:17  Probe, Sentry  
  79  13:19  Probe  
  85  13:25  Probe  
  85  13:26  Stalker  
  86  13:27  Probe, Stalker  
  86  13:30  Observer  
  86  13:33  Stalker  
  83  13:37  Zealot  
  83  13:40  High Templar  
  72  13:43  Adept  
  72  13:46  Probe, Adept  
  70  13:50  Zealot  
  60  13:56  High Templar  
  60  13:57  Sentry, High Templar  
  54  14:07  Stalker  
  47  14:11  Zealot  
  47  14:12  Stalker  
  45  14:19  Templar Archives  
  45  14:23  Zealot  
  43  14:35  Nexus  
  35  14:54  Zealot  
  35  14:56  High Templar x2  
  41  15:03  Observer, Zealot  
  44  15:10  Probe  
  44  15:15  Nexus  
  44  15:18  Cybernetics Core  
  19  15:49  Gateway  
Tags
 
Add a new tag
Caveats
  • Supply blocks, unpowered buildings, or Contaminate may cause inaccurate times.
  • Supply counts are checked every 10 seconds.